 Dungeon Crawl Stone Soup version 0.18.1-48-g4cf74bf (webtiles) character file.

40719 Skwishie the Warrior (level 13, -6/70 HPs)
             Began as a Felid Monk on Sept 1, 2016.
             Was a Priest of Ru.
             Mangled by a cyan ugly thing (16 damage)
             ... on level 14 of the Dungeon.
             The game lasted 04:39:28 (39598 turns).

Skwishie the Warrior (Felid Monk)                  Turns: 39598, Time: 04:39:30

Health: -6/70      AC:  6    Str: 11    XL:     13   Next: 76%
Magic:  17/17      EV: 33    Int: 12    God:    Ru [***...]
Gold:   309        SH:  3    Dex: 27    Spells: 1 memorised, 10 levels left
                                        Lives:  0   Deaths: 4

rFire  . . .     SeeInvis +       - Unarmed
rCold  + . .     Gourm    .     (armour unavailable)
rNeg   . . .     Faith    .     (shield unavailable)
rPois  .         Spirit   .     (helmet unavailable)
rElec  .         Dismiss  .     (cloak unavailable)
rCorr  .         Reflect  +     (gloves unavailable)
SustAt .         Harm     .     (boots unavailable)
MR     ++...                    k - +3 amulet of reflection
Stlth  +++++++...               W - +3 ring of protection
                                h - ring of protection from magic

@: quick, very resistant to hostile enchantments, extremely stealthy
A: no armour, no weapons or thrown items, claws 1, fangs 3, see invisible, agile
2, carnivore 3, speed 1, low mp 1, shaggy fur 3, slow metabolism 1, strong 2, no
conjurations magic, no ice magic, no transmutations magic, MP-powered wands,
inexperienced 1, sharp paws
a: Draw Out Power, Renounce Religion


You were on level 14 of the Dungeon.
You worshipped Ru.
Ru was most pleased with you.
You were completely stuffed.

You visited 3 branches of the dungeon, and saw 23 of its levels.
You also visited: Sewer, Ossuary and Bailey.

You collected 1398 gold pieces.
You spent 1089 gold pieces at shops.

Inventory:

Jewellery
 h - a ring of protection from magic (left paw)
 j - an uncursed ring of positive energy
 k - a +3 amulet of reflection (around neck)
 o - an uncursed ring of sustain attributes
 y - an uncursed ring of flight
 C - an uncursed ring of ice
 W - a +3 ring of protection (right paw)
 Z - an uncursed ring of protection from cold
Wands
 n - a wand of confusion (43/48)
 v - a wand of acid (10/15)
 z - a wand of polymorph (8/24)
 E - a wand of flame (41/48)
 I - a wand of hasting (3/9)
 J - a wand of slowing (31/48)
 O - a wand of slowing (19/48)
 Q - a wand of iceblast (8/15)
 R - a wand of confusion (2/48)
 U - a wand of lightning (10/15)
Scrolls
 e - 5 scrolls of teleportation
 f - 10 scrolls of fog
 g - 6 scrolls of magic mapping
 r - a scroll of blinking
 w - 4 scrolls of identify
 A - 4 scrolls of recharging
 D - 8 scrolls of remove curse
 H - a scroll of summoning
 K - 3 scrolls of fear
 S - a scroll of silence
Potions
 b - 4 potions of agility
 d - a potion of cure mutation
 l - 6 potions of curing
 m - 3 potions of lignification
 p - 3 potions of haste
 q - 3 potions of invisibility
 s - 6 potions of heal wounds
 t - 8 potions of flight
 u - 2 potions of resistance
 G - a potion of ambrosia
 N - 3 potions of magic
 T - a potion of berserk rage
 V - a potion of might
 X - a potion of cancellation
Miscellaneous
 i - a sack of spiders {used: 1}
 F - a sack of spiders {used: 1}
Comestibles
 a - 13 meat rations
 c - 7 beef jerkies
 x - 5 chunks of flesh
 B - 10 slices of pizza
 P - 2 royal jellies


   Skills:
 - Level 15.6 Fighting
 - Level 12.2 Dodging
 - Level 12.2 Stealth
 - Level 15.4 Unarmed Combat
 + Level 2.4 Spellcasting
 * Level 8.8 Hexes
 - Level 7.0 Evocations


You had 10 spell levels left.
You knew the following spells:

 Your Spells              Type           Power        Failure   Level  Hunger
a - Invisibility          Hex            ###.....     95%         6    #######


Dungeon Overview and Level Annotations

Branches:
Dungeon (14/15)            Temple (1/1) D:7            Lair (8/8) D:11
 Shoals (0/4) Lair:3        Snake (0/4) Lair:5        Slime (0/6) Lair:8
    Orc (0/2) D:11         Vaults (0/5) D:14

Altars:
Ashenzari
Cheibriados
Dithmenos
Elyvilon
Fedhas
Gozag
Kikubaaqudgha
Makhleb
Nemelex Xobeh
Okawaru
Pakellas
Qazlal
Ru
Sif Muna
Trog
Vehumet
Xom
Yredelemnul
Zin
The Shining One
Beogh

Shops:
D:6 !:%}*   D:8 }   D:13 [   D:14 (![

Annotations:
Lair:8 Rupert; ThereIsNoGod's ghost, journeyman MiGl


Innate Abilities, Weirdness & Mutations

You cannot wear armour.
You are incapable of wielding weapons or throwing items.
You have sharp claws.
You have razor-sharp teeth.
You have supernaturally acute eyesight.
You are carnivorous and can eat meat at any time.
You cover ground quickly.
Your magical capacity is low (-10% MP).
Your thick and shaggy fur keeps you warm (AC +3, rC+).
You have a slow metabolism.
You cannot study or cast Conjurations magic.
You cannot study or cast Ice magic.
You cannot study or cast Transmutations magic.
You are somewhat inexperienced (-2 XL).
Your sharp claws are effective at attacking unaware monsters.
You are very agile. (Dex +4)
Your muscles are very strong. (Str +4)
You expend magic power (3 MP) to strengthen your wands.


Message History

There is a stone staircase leading down here.
You climb downwards.
There is a stone staircase leading up, spattered with blood here.
You scratch the cyan ugly thing. You bite the cyan ugly thing.
The cyan ugly thing is lightly wounded.
The cyan ugly thing pecks you. The cyan ugly thing shocks you!
You mangle the cyan ugly thing!!
The cyan ugly thing is moderately wounded.
The cyan ugly thing pecks you! The cyan ugly thing shocks you!
You claw the cyan ugly thing! Your bite misses the cyan ugly thing.
The cyan ugly thing is heavily wounded.
The cyan ugly thing completely misses you.
You claw the cyan ugly thing!
The cyan ugly thing is severely wounded.
You claw the cyan ugly thing!
The cyan ugly thing is severely wounded.
The cyan ugly thing pecks you!
* * * LOW HITPOINT WARNING * * *
The cyan ugly thing shocks you!
You die...

..................#.....#...#####
..................#.....#........
..................#.....#........
...............[..#.....#####....
..................#.........#....
......^...........#######...#####
..................<.........#....
.......................).[..#....
................@.......#.<......
...............u........#........
........................#........
..................###########....
.....................#...........
.....................#...........
.....................#...........
.....................#...........
.....................#...........


You could see a cyan ugly thing.

Vanquished Creatures
  Kirke (Lair:5)
  A vault guard (D:14)
  Harold (Lair:3)
  8 hydras
  2 death knights
  2 centaur warriors
  The ghost of Heedrag the Summoner, a journeyman DESu of Vehumet (Lair:5)
  5 death yaks (Lair:7)
  A tengu warrior (D:13)
  A fire crab (Lair:5)
  2 unseen horrors
  A necromancer (Lair:7)
  An orc knight (D:14)
  2 hill giants
  2 wolf spider zombies (D:13)
  Pikel (D:6)
  3 griffons
  A cyclops (D:12)
  5 ugly things
  2 manticores
  6 elephants (Lair:4)
  9 black mambas
  A gargoyle (D:12)
  18 spiny frogs
  2 rime drakes
  2 freezing wraiths (D:14)
  A kobold demonologist (D:12)
  3 polar bears
  8 komodo dragons
  3 trolls
  A giant leech (Lair:7)
  9 slime creatures
  A boulder beetle (Lair:5)
  24 blink frogs
  A snapping turtle (Lair:3)
  Sigmund (D:6)
  40 yaks
  A wraith (D:11)
  3 hogs (Lair:5)
  A human (D:7)
  9 wyverns
  9 hippogriffs
  2 basilisks (Lair:6)
  2 hungry ghosts
  8 vampire mosquitoes
  Edmund (D:6)
  2 mottled dragons (D:11)
  4 wargs
  11 porcupines
  26 giant frogs
  18 water moccasins
  An eye of draining (D:13)
  17 orc warriors
  5 ice beasts
  3 phantoms
  A slave (D:6)
  6 sky beasts
  2 black bears
  8 wolves
  5 ogres
  7 centaurs
  7 big kobolds
  10 crocodiles
  3 elf zombies (Ossuary)
  A wyvern zombie (D:7)
  4 scorpions
  A water moccasin skeleton (D:8)
  A wyvern skeleton (D:14)
  21 killer bees
  13 wights
  An electric eel (Lair:3)
  A howler monkey (D:5)
  4 jellies
  5 crimson imps
  2 centaur zombies
  3 giant frog zombies
  A human zombie (Ossuary)
  2 quasits
  4 centaur skeletons
  6 hounds
  15 orc priests
  13 orc wizards
  7 giant frog skeletons
  11 iguanas
  2 polar bear simulacra (Lair:7)
  13 worker ants
  3 yak simulacra (Lair:7)
  2 wolf simulacra (Lair:7)
  A killer bee zombie (D:6)
  22 sheep
  3 big kobold zombies (Ossuary)
  2 mummies (Ossuary)
  A hound zombie (D:10)
  2 hound skeletons (D:9)
  A howler monkey zombie (D:5)
  A worker ant zombie (D:11)
  14 adders
  11 gnolls
  2 howler monkey skeletons
  53 river rats
  3 shadow imps
  2 oozes
  2 adder skeletons
  2 worms
  4 dart slugs
  3 giant geckos
  69 orcs
  5 ball pythons
  5 giant cockroaches
  11 goblins
  12 hobgoblins
  5 jackals
  42 kobolds
  4 quokkas
  10 bats
  A giant gecko skeleton (D:9)
  A giant gecko zombie (D:6)
  6 giant newts
  10 hobgoblin zombies (Ossuary)
  A jackal skeleton (D:5)
  3 jackal zombies
  9 kobold zombies (Ossuary)
  6 orc zombies (Ossuary)
  2 quokka skeletons
  7 rats
  A rat zombie (Ossuary)
  4 river rat simulacra (Lair:7)
824 creatures vanquished.

Vanquished Creatures (collateral kills)
  An ugly thing (D:14)
  A wraith (D:14)
2 creatures vanquished.

Vanquished Creatures (others)
  An orc knight (Bailey)
  A blink frog (Lair:8)
  3 slaves (D:6)
  A centaur (D:10)
  A wyvern skeleton (D:9)
  An orc priest (D:6)
  A worker ant (D:6)
  A sheep (Lair:5)
  A gnoll (D:6)
  An adder (D:6)
  A ball lightning (Lair:7)
  3 orcs
  A quokka (D:6)
  40 fungi
  21 plants
78 creatures vanquished.

Grand Total: 904 creatures vanquished

Notes
Turn   | Place    | Note
--------------------------------------------------------------
     0 | D:1      | Skwishie the Felid Monk began the quest for the Orb.
     0 | D:1      | Reached XP level 1. HP: 10/10 MP: 2/2
   137 | D:1      | Reached XP level 2. HP: 14/14 MP: 3/3
   700 | D:1      | Reached skill level 5 in Unarmed Combat
   788 | D:2      | Reached XP level 3. HP: 17/17 MP: 4/4
   940 | D:2      | Reached XP level 4. HP: 16/21 MP: 5/5
  1097 | D:2      | Found an ancient bone altar of Kikubaaqudgha.
  1317 | D:2      | Found an iron altar of Okawaru.
  1984 | D:3      | Found a snail-covered altar of Cheibriados.
  2186 | D:3      | Found a faded altar to an unknown god.
  2214 | D:4      | Reached XP level 5. HP: 11/24 MP: 6/6
  2262 | D:4      | Noticed a sky beast
  2274 | D:4      | Killed a sky beast
  2318 | D:4      | Found a stormy altar of Qazlal.
  2339 | D:4      | Noticed a phantom
  2371 | D:4      | Killed a phantom
  2371 | D:4      | Gained mutation: You are covered in thick fur (AC +2). [Felid growth]
  2371 | D:4      | Reached XP level 6. HP: 13/28 MP: 7/7
  2541 | D:4      | Found a glowing silver altar of Zin.
  2541 | D:4      | Found Zin's Purification Station.
  2549 | D:4      | Bought a potion of curing for 90 gold pieces
  2819 | D:4      | Found a glowing drain.
  2832 | Sewer    | Entered a sewer
  2946 | Sewer    | Reached XP level 7. HP: 31/31 MP: 8/8
  4409 | D:5      | Entered Level 5 of the Dungeon
  4824 | D:5      | Reached skill level 10 in Unarmed Combat
  4834 | D:5      | Found a blossoming altar of Fedhas.
  4891 | D:5      | Reached XP level 8. HP: 34/34 MP: 9/9
  4983 | D:5      | Found a sand-covered staircase.
  5018 | Ossuary  | Entered an ossuary
  6879 | D:6      | Reached skill level 5 in Fighting
  6889 | D:6      | Noticed Sigmund
  6897 | D:6      | Killed Sigmund
  6897 | D:6      | Reached XP level 9. HP: 41/41 MP: 10/10
  6929 | D:6      | Noticed Pikel
  6987 | D:6      | HP: 2/41 [Pikel/whip of freezing (2)]
  7006 | D:6      | Found Isolir's Gadget Shop.
  7011 | D:6      | Killed Pikel
  7051 | D:6      | Hit by a tomahawk thrown by an orc warrior
  7052 | D:6      | Reached XP level 8. HP: -8/40 MP: 9/9
  7052 | D:6      | Found Ycew's Distillery.
  7069 | D:6      | Noticed Edmund
  7364 | D:6      | Found Wemiq's Book Shop.
  7392 | D:6      | Bought a potion of invisibility for 88 gold pieces
  7392 | D:6      | Bought a potion of heal wounds for 55 gold pieces
  7392 | D:6      | Bought a potion of flight for 33 gold pieces
  7845 | D:7      | Found a staircase to the Ecumenical Temple.
  7858 | Temple   | Entered the Ecumenical Temple
  7888 | Temple   | Became a worshipper of Ru the Awakened
  7901 | Temple   | Gained mutation: You cannot study or cast Ice magic. [Ru sacrifice]
  7901 | Temple   | Gained mutation: You cannot study or cast Transmutations magic. [Ru sacrifice]
  7901 | Temple   | Gained mutation: You cannot study or cast Conjurations magic. [Ru sacrifice]
  7901 | Temple   | Reached * piety under Ru
  8563 | D:6      | Found Tolac's Food Shop.
  8685 | D:6      | Found Neizuogh's General Store.
  8771 | D:6      | Reached XP level 9. HP: 37/45 MP: 10/10
  9267 | D:7      | Reached skill level 5 in Stealth
  9527 | D:7      | Found a bloodstained altar of Trog.
 10314 | D:7      | Reached skill level 10 in Fighting
 11168 | D:6      | Killed Edmund
 11168 | D:6      | Reached XP level 10. HP: 38/51 MP: 11/11
 11750 | D:6      | Reached skill level 5 in Dodging
 12047 | D:6      | Found Isolir's Gadget Shop.
 12063 | D:6      | Found Tolac's Food Shop.
 12076 | D:6      | Found Wemiq's Book Shop.
 12607 | D:6      | Bought a potion of curing for 33 gold pieces
 12607 | D:6      | Bought a potion of heal wounds for 55 gold pieces
 12683 | D:8      | Found an opulent altar of Gozag.
 12784 | D:8      | Gained mutation: You are somewhat inexperienced (-2 XL). [Ru sacrifice]
 12784 | D:8      | Reached XP level 9. HP: 47/47 MP: 10/10
 12784 | D:8      | Reached XP level 8. HP: 43/43 MP: 9/9
 12784 | D:8      | Reached ** piety under Ru
 12868 | D:8      | Found Boquroc's Gadget Shoppe.
 13626 | D:8      | Reached XP level 9. HP: 47/47 MP: 10/10
 13845 | D:9      | Found a flagged portal.
 13908 | Bailey   | Entered a bailey
 14200 | Bailey   | Shot with a bolt by an orc warrior
 14201 | Bailey   | Reached XP level 8. HP: -1/43 MP: 9/9
 15061 | Bailey   | Found a roughly hewn altar of Beogh.
 15061 | Bailey   | Noticed an orc knight
 15248 | Bailey   | Reached skill level 10 in Dodging
 15271 | Bailey   | Reached XP level 9. HP: 26/47 MP: 10/10
 15714 | Bailey   | Killed an orc knight
 15778 | D:9      | Identified a scroll of acquirement
 16675 | D:9      | Noticed a troll
 16680 | D:9      | Killed a troll
 16935 | D:10     | Entered Level 10 of the Dungeon
 17028 | D:10     | Noticed a five-headed hydra
 17134 | D:9      | Reached XP level 10. HP: 47/51 MP: 11/11
 17844 | D:10     | Found a deep blue altar of Sif Muna.
 17944 | D:10     | Gained mutation: You expend magic power (3 MP) to strengthen your wands. [potion of mutation]
 17945 | D:10     | Gained mutation: Your body sometimes deteriorates upon taking damage. [potion of mutation]
 17945 | D:10     | Gained mutation: Your muscles are strong. (Str +2) [potion of mutation]
 17945 | D:10     | Gained mutation: You are resistant to hostile enchantments. [potion of mutation]
 17946 | D:10     | Gained mutation: You are robust (+10% HP). [potion of mutation]
 17946 | D:10     | Gained mutation: You are occasionally teleported next to monsters. [potion of mutation]
 17946 | D:10     | Gained mutation: You are agile. (Dex +2) [potion of mutation]
 17960 | D:10     | Lost mutation: Your body sometimes deteriorates upon taking damage. [potion of cure mutation]
 17960 | D:10     | Lost mutation: You are robust (+10% HP). [potion of cure mutation]
 17960 | D:10     | Lost mutation: You are occasionally teleported next to monsters. [potion of cure mutation]
 17960 | D:10     | Lost mutation: You are resistant to hostile enchantments. [potion of cure mutation]
 18392 | D:10     | Killed a five-headed hydra
 18681 | D:11     | Noticed a seven-headed hydra
 18688 | D:11     | Killed a seven-headed hydra
 18688 | D:11     | Reached skill level 10 in Stealth
 18694 | D:11     | Noticed a six-headed hydra
 18702 | D:11     | Killed a six-headed hydra
 18950 | D:11     | Reached XP level 11. HP: 55/55 MP: 12/12
 19079 | D:11     | Found a staircase to the Orcish Mines.
 19139 | D:11     | Found a staircase to the Lair.
 19174 | D:11     | HP: 2/82 [orc priest/divine providence (14)]
 19174 | D:11     | Slain by a warg
 19175 | D:11     | Reached XP level 10. HP: -1/76 MP: 11/11
 19310 | D:11     | Noticed a purple ugly thing
 19320 | D:11     | Killed a purple ugly thing
 19470 | D:11     | Noticed a centaur warrior
 19477 | D:11     | Killed a centaur warrior
 19931 | D:11     | Noticed a brown ugly thing
 19941 | D:11     | Killed a brown ugly thing
 20293 | D:11     | Found a roughly hewn altar of Beogh.
 20823 | D:11     | Noticed an unseen horror
 20852 | D:11     | Killed an unseen horror
 20852 | D:11     | Reached XP level 11. HP: 43/55 MP: 12/12
 20948 | Lair:1   | Entered Level 1 of the Lair of Beasts
 22159 | Lair:2   | Reached skill level 15 in Unarmed Combat
 23541 | Lair:3   | Noticed Harold
 23544 | Lair:3   | Killed Harold
 23544 | Lair:3   | Reached skill level 1 in Evocations
 23751 | Lair:3   | Found a staircase to the Shoals.
 24547 | Lair:4   | Gained mutation: Your thick and shaggy fur keeps you warm (AC +3, rC+). [Felid growth]
 24547 | Lair:4   | Reached XP level 12. HP: 60/60 MP: 14/14
 24973 | D:6      | Bought a potion of beneficial mutation for 385 gold pieces
 24973 | D:6      | Bought a potion of berserk rage for 55 gold pieces
 24973 | D:6      | Bought a potion of heal wounds for 55 gold pieces
 24976 | D:6      | Gained mutation: Your muscles are very strong. (Str +4) [potion of beneficial mutation]
 25501 | Lair:5   | Noticed a five-headed hydra
 25674 | Lair:5   | Found a staircase to the Snake Pit.
 25676 | Lair:5   | Noticed Heedrag's ghost (journeyman DESu)
 25732 | Lair:5   | Killed Heedrag's ghost
 25995 | Lair:5   | Killed a five-headed hydra
 26826 | Lair:5   | Noticed Kirke
 27954 | Lair:5   | Killed Kirke
 29312 | Lair:6   | Reached skill level 5 in Evocations
 29328 | Lair:6   | Noticed a six-headed hydra
 29330 | Lair:6   | Killed a six-headed hydra
 29330 | Lair:6   | Reached XP level 13. HP: 65/65 MP: 17/17
 30913 | Lair:7   | Gained mutation: You are very agile. (Dex +4) [potion of beneficial mutation]
 31225 | Lair:7   | Found a basalt altar of Yredelemnul.
 33707 | Lair:8   | Entered Level 8 of the Lair of Beasts
 33982 | Lair:8   | Found a staircase to the Slime Pits.
 34020 | Lair:8   | Noticed ThereIsNoGod's ghost (journeyman MiGl)
 34145 | Lair:8   | Reached XP level 14. HP: 38/72 MP: 20/20
 34216 | Lair:8   | Noticed Rupert
 35064 | Lair:7   | Reached skill level 15 in Fighting
 35504 | D:12     | Found an ancient bone altar of Kikubaaqudgha.
 35851 | D:8      | Bought a sack of spiders for 240 gold pieces
 36764 | D:13     | Found Vos Vomn's Armour Emporium.
 36947 | D:12     | Learned a level 6 spell: Invisibility
 37290 | D:13     | Gained mutation: Your magical capacity is low (-10% MP). [Ru sacrifice]
 37290 | D:13     | Reached *** piety under Ru
 37961 | D:13     | Reached skill level 5 in Hexes
 38101 | D:14     | Found Nacaip's Distillery.
 38483 | D:14     | Reached skill level 1 in Spellcasting
 38603 | D:14     | Found Jecsoti's Weapon Shop.
 38639 | D:14     | Found Dekkex's Armour Boutique.
 38721 | D:14     | Found a gate to the Vaults.
 38804 | D:14     | Slain by a cyan ugly thing
 38805 | D:14     | Reached XP level 13. HP: -1/70 MP: 17/17
 39598 | D:14     | Mangled by a cyan ugly thing

Skill      XL: |  1  2  3  4  5  6  7  8  9 10 11 12 13 14 |
---------------+-------------------------------------------+-----
Unarmed Combat | 5 6 7 8 10 11 14 15 | 15.4
Fighting       | 8 10 11 12 14 15 | 15.6
Stealth        | 4 7 10 12 | 12.2
Dodging        | 10 11 7 12 | 12.2
Evocations     | 2 5 7 |  7.0
Hexes          | 8 7 |  8.8
Spellcasting   | 2 |  2.4

Action                   |  1- 3 |  4- 6 |  7- 9 | 10-12 | 13-15 || total
-------------------------+-------+-------+-------+-------+-------++-------
Melee: Unarmed           |    57 |   124 |   876 |   776 |   927 ||  2760
       Bite              |     1 |     9 |    99 |   104 |   156 ||   369
       Punch             |     1 |       |    55 |    52 |    78 ||   186
Invok: Sacrifice Arcana  |       |       |     1 |       |       ||     1
       Sacrifice Experie |       |       |     1 |       |       ||     1
       Reject Sacrifices |       |       |     1 |     2 |       ||     3
       Sacrifice Essence |       |       |       |       |     1 ||     1
Evoke: Wand              |       |       |       |     3 |     1 ||     4
       Sack of spiders   |       |       |       |       |     3 ||     3
  Use: Scroll            |       |     7 |    17 |     8 |     2 ||    34
       Potion            |       |     2 |       |    15 |     4 ||    21
 Stab: Sleeping          |    10 |    15 |    38 |    67 |    32 ||   162
       Distracted        |       |       |    10 |    12 |    22 ||    44
       Invisible         |       |       |     3 |     1 |     1 ||     5
       Fleeing           |       |       |     1 |       |       ||     1
  Eat: Chunk             |     7 |     4 |    34 |    29 |    27 ||   101
Armor: Skin              |       |     5 |    28 |    32 |    31 ||    96
Dodge: Dodged            |    30 |    88 |   542 |   559 |   678 ||  1897
Block: Other             |       |    11 |    61 |    60 |    73 ||   205
       Reflection        |       |     1 |     5 |     3 |     2 ||    11
